 Dungeon Crawl Stone Soup version 0.23.2-1-ga50397a (webtiles) character file.

Game seed: 11599910681129874583

385 doot the Digger (level 6, -5/49 HPs)
             Began as a Deep Dwarf Earth Elementalist on May 14, 2019.
             Slain by a scorpion (6 damage)
             ... on level 4 of the Dungeon.
             The game lasted 00:14:01 (5180 turns).

doot the Digger (Deep Dwarf Earth Elementalist)     Turns: 5180, Time: 00:14:02

Health: -5/49      AC:  4    Str: 11      XL:     6   Next: 48%
Magic:  0/12       EV: 13    Int: 18      God:
Gold:   221        SH:  0    Dex: 12 (13) Spells: 4/13 levels left

rFire    . . .     SeeInvis .   q - +0 war axe
rCold    . . .     Gourm    .   (no shield)
rNeg     . . .     Faith    .   c - +1 robe
rPois    .         Spirit   .   (no helmet)
rElec    .         Reflect  .   (no cloak)
rCorr    .         Harm     .   (no gloves)
MR       .....                  m - +0 pair of boots
Stlth    ++........             (no amulet)
HPRegen  0.00/turn              (no ring)
MPRegen  0.13/turn              (no ring)

@: non-regenerating
A: damage resistance, heal wounds, mutation resistance 1, sense surroundings 1,
no regeneration
a: Heal Wounds


You were on level 4 of the Dungeon.
You were not hungry.

You visited 2 branches of the dungeon, and saw 5 of its levels.
You also visited: Sewer.

You collected 221 gold pieces.

Inventory:

Hand Weapons
 q - a +0 war axe (weapon)
Armour
 c - a +1 robe (worn)
 m - a +0 pair of boots (worn)
Scrolls
 a - 2 scrolls of teleportation {unknown}
 e - 3 scrolls of immolation {unknown}
 h - 2 scrolls of magic mapping
 i - 2 scrolls of fog {unknown}
 j - a scroll of fear {unknown}
 l - 4 scrolls of remove curse
 n - a scroll of blinking {unknown}
Potions
 k - a potion of invisibility
 o - a potion of might
Comestibles
 d - 4 rations


   Skills:
 + Level 0.1 Fighting
 + Level 0.5 Axes
 + Level 3.0 Dodging
 + Level 3.2 Stealth
 + Level 4.1 Spellcasting
 + Level 1.2 Conjurations
   Level 0.8 Transmutations
 + Level 6.2 Earth Magic


You had 4 spell levels left.
You knew the following spells:

 Your Spells              Type           Power        Failure   Level  Hunger
a - Sandblast             Erth           ####..       1%          1    None
b - Stone Arrow           Conj/Erth      ###...       10%         3    ###....
c - Lee's Rapid Deconstr  Erth           ####......   30%         5    ######.

Your spell library contained the following spells:

 Spells                   Type           Power        Failure   Level  Hunger
 Passwall                 Tmut/Erth      ###.....     4%          2    ##.....
 Petrify                  Tmut/Erth      ###.....     32%         4    ####...


Dungeon Overview and Level Annotations

Branches:
Dungeon (4/15)             Temple (1/1) D:4

Altars:
Dithmenos
Elyvilon
Fedhas
Gozag
Nemelex Xobeh
Okawaru
Sif Muna
Vehumet
Wu Jian
Xom
Yredelemnul
Zin

Annotations:
D:4 Robin


Innate Abilities, Weirdness & Mutations

You are resistant to damage.
You can heal yourself by infusing magical energy.
You passively map a small area around you.
You do not regenerate.
You are somewhat resistant to further mutation.


Message History

You kill the orc!
Things that are here:
a +0 ring mail; an orc corpse x2
Butcher an orc corpse? [(y)es/(n)o/(a)ll/(q)uit/?]
You butcher the orc corpse. x2
A scorpion comes into view.
Items here: %% [ รทรท a +0 ring mail; 4 chunks of flesh; an orc skeleton; a chunk of flesh an orc skeleton Unknown command.
Casting: Stone Arrow (safe; 10% risk of failure)
Confirm with . or Enter, or press ? or * to list all spells.
Aiming: Lee's Rapid Deconstruction (quite dangerous; 30% risk of failure)
Press: ? - help, Dir - move target cursor A rock wall.
The wall shatters!
The blast of rock fragments hits the scorpion!
The scorpion is almost dead.
The scorpion stings you!
You die...

#...#.......#.
###...#...#...
###.#.......##
#####......#.#..#
#......[).......##
#.###.###...#....#
#.# #.###.........
#s# #......<#....#
#@###.##......#.##
#.............#.#
########.........
#......#+##
#......[.
#.####.... , , #.#
.... ,* , #.# ,
..,,
#............o


You could see a scorpion.

Vanquished Creatures
  A phantom (Temple)
  Natasha (thrice) (D:3)
  A hound zombie (D:3)
  6 adders
  6 river rats (Sewer)
  2 oozes
  3 worms
  3 leopard geckos
  3 orcs (D:4)
  6 giant cockroaches
  4 hobgoblins
  5 kobolds
  10 ball pythons
  4 bats
  4 frilled lizards
  9 goblins
  24 rats
94 creatures vanquished.

Notes
Turn   | Place    | Note
-------+----------+-------------------------------------------
     0 | D:1      | doot the Deep Dwarf Earth Elementalist began the quest for
                  | the Orb.
     0 | D:1      | Reached XP level 1. HP: 15/15 MP: 3/3
   345 | D:1      | Reached XP level 2. HP: 19/22 MP: 3/5
  1324 | D:2      | Reached XP level 3. HP: 24/28 MP: 3/6
  1329 | D:2      | Learned a level 3 spell: Stone Arrow
  1895 | D:3      | Reached skill level 5 in Earth Magic
  1944 | D:3      | Found an iron altar of Okawaru.
  2103 | D:3      | Reached XP level 4. HP: 24/36 MP: 3/8
  2141 | D:3      | Found a glowing drain.
  2146 | Sewer    | Entered a sewer
  2851 | Sewer    | Reached XP level 5. HP: 7/42 MP: 1/10
  2858 | Sewer    | Learned a level 5 spell: Lee's Rapid Deconstruction
  2906 | Sewer    | Gained mutation: You are somewhat resistant to further
                  | mutation. [potion of mutation]
  3155 | Sewer    | HP: 2/42 [river rat (5)]
  3825 | D:3      | Noticed Natasha
  3909 | D:3      | Killed Natasha
  4007 | D:3      | Noticed Natasha
  4015 | D:3      | Killed Natasha
  4123 | D:3      | Noticed Natasha
  4128 | D:3      | Killed Natasha
  4128 | D:3      | Reached skill level 1 in Conjurations
  4174 | D:3      | Found a sparkling altar of Nemelex Xobeh.
  4361 | D:3      | Reached XP level 6. HP: 15/49 MP: 4/11
  4443 | D:4      | Noticed Robin
  4576 | D:4      | Found a staircase to the Ecumenical Temple.
  4586 | Temple   | Entered the Ecumenical Temple
  4734 | Temple   | HP: 1/49 [phantom (7)]
  4740 | Temple   | Reached skill level 6 in Earth Magic
  5180 | D:4      | Slain by a scorpion

Skill      XL: |  1  2  3  4  5  6 |
---------------+-------------------+-----
Spellcasting   | 2 3 4 |  4.1
Earth Magic    | 5 6 |  6.2
Stealth        | 3 |  3.2
Conjurations   | 1 |  1.2
Dodging        | 3 |  3.0
Fighting       | |  0.1
Axes           | |  0.5
Transmutations | |  0.8

Action                   |  1- 3 |  4- 6 || total
-------------------------+-------+-------++-------
Melee: War axe           |       |    32 ||    32
 Cast: Sandblast         |    60 |    50 ||   110
       Stone Arrow       |       |    36 ||    36
       Lee's Rapid Decon |       |     7 ||     7
  Use: Scroll            |       |     5 ||     5
       Potion            |       |    12 ||    12
  Eat: Chunk             |     2 |    12 ||    14
       Ration            |     1 |     1 ||     2
Armor: Robe              |     4 |    24 ||    28
Dodge: Dodged            |    23 |    85 ||   108
